Cogmind - Beta 11 @@@ ROGUE MODE // 2022.04.01 @ 00:24:19 Player: Beico Result: Destroyed by G-47 Trooper with Particle Gun Performance ------------- Evolutions (2) 1000 Regions Visited (7) 1400 Robots Destroyed (20) 100 Value Destroyed (387) 387 Prototype IDs (3) 60 Alien Tech Used (0) 0 Bonus (0) 0 TOTAL SCORE: 2947 Bonus ------- None Cogmind --------- Core Integrity 0/550 Matter 300/300 Energy 100/100 System Corruption 3% Temperature Cool (9) Movement Core (50) Location -8/Materials Parts ------- > --- POWER (1) -------- (None) > --- PROPULSION (4) --- (None) > --- UTILITY (4) ------ (None) > --- WEAPON (2) ------- (None) > --- INVENTORY (5) ---- Deuterium Engine Reaction Control System Reaction Control System System Shield Improved Medium Laser Peak State ------------ > --- POWER ------------ Ion Engine > --- PROPULSION ------- Flight Unit Flight Unit Flight Unit Flight Unit > --- UTILITY ---------- Small Storage Unit Machine Analyzer Visual Processing Unit ECM Suite > --- WEAPON ----------- Improved Medium Laser Pulse Rifle > --- INVENTORY -------- Light Ion Engine Deuterium Engine Aluminum Leg Compact Battery Reaction Control System Field Laser Mini Grenade Launcher [Rating: 19] Favorites ----------- Power Ion Engine Engine Ion Engine Power Core Nuclear Core Propulsion Flight Unit Leg Aluminum Leg Flight Unit Flight Unit Utility Small Storage Unit Device ECM Suite Storage Small Storage Unit Processor Visual Processing Unit Weapon Shotgun Energy Gun Improved Medium Laser Ballistic Gun Shotgun Special Melee Weapon Datajack Build | -11 -10 -10 -9 -9 -9 -8 -8 ------- Run | Scr Mat Min Mat Min Exi Min Mat Slots Evolved 4 | . . . 2 . . . 2 Power . | . . . . . . . . Propulsion 2 | . . . 1 . . . 1 Utility 2 | . . . 1 . . . 1 Weapon . | . . . . . . . . Parts Attached 38 | . 9 4 6 . 1 1 17 Power 6 | . 1 1 1 . . . 3 Engine 5 | . 1 1 1 . . . 2 Core 1 | . . . . . . . 1 Reactor . | . . . . . . . . Propulsion 13 | . 2 2 3 . . . 6 Treads . | . . . . . . . . Leg 4 | . 2 2 . . . . . Wheel . | . . . . . . . . Hover . | . . . . . . . . Flight 9 | . . . 3 . . . 6 Utility 7 | . 2 . . . 1 1 3 Device 2 | . 1 . . . . . 1 Storage 2 | . . . . . 1 . 1 Processor 3 | . 1 . . . . 1 1 Hackware . | . . . . . . . . Protection . | . . . . . . . . Artifact . | . . . . . . . . Weapon 12 | . 4 1 2 . . . 5 Energy Gun 5 | . . . . . . . 5 Energy Cannon . | . . . . . . . . Ballistic Gun 6 | . 3 1 2 . . . . Ballistic Cannon . | . . . . . . . . Launcher . | . . . . . . . . Special Weapon . | . . . . . . . . Impact Weapon . | . . . . . . . . Slashing Weapon . | . . . . . . . . Piercing Weapon . | . . . . . . . . Special Melee Weapon 1 | . 1 . . . . . . Unidentified Prototypes 1 | . . . . . . . 1 Parts Lost 7 | . . . . . . . 7 Power 1 | . . . . . . . 1 Propulsion 5 | . . . . . . . 5 Utility 1 | . . . . . . . 1 Weapon . | . . . . . . . . Highest Loss Streak 6 | . . . . . . . 6 To Critical Strikes . | . . . . . . . . Average Slot Usage (%) 79 | . 89 100 83 66 66 75 75 Engine 10 | . 14 14 11 11 11 11 6 Leg 8 | . 28 28 . . . . . Flight 21 | . . . 33 33 33 33 30 Device 8 | . 2 14 11 11 11 11 8 Storage 11 | . 14 14 11 11 11 11 8 Processor 5 | . 2 . . . . 9 14 Energy Gun 1 | . . . . . . . 5 Ballistic Gun 8 | . 27 20 17 . . . . Special Melee Weapon 1 | . . 8 . . . . . Naked Turns 74 | . . . . . . . 74 Heaviest Build 22 | 13 18 22 22 12 12 12 15 Greatest Support 20 | 20 20 20 12 12 12 12 16 Greatest Overweight (x) 1 | . . 1 1 . . . . Average Overweight (x) . | . . . . . . . . Largest Inventory Capacity 8 | . 8 8 8 8 8 8 8 Average Capacity 7 | . 8 8 8 8 8 8 7 Most Carried 8 | . 8 8 8 8 8 8 8 Average Carried 7 | . 7 7 5 8 8 8 6 Final Capacity 8 | 8 8 8 8 8 8 8 5 Final Carried 8 | 6 7 8 8 8 8 8 5 Class Distribution -------------------- 41% | Mutant 34% | Scavenger-Mutant 24% | Scavenger-Sprinter Dominant Class ---------------- Mutant | -10/Materials Mutant | -10/Mines Mutant | -9/Materials Scavenger-Mutant | -9/Mines Scavenger-Mutant | -9/Exiles Scavenger-Mutant | -8/Mines Scavenger-Sprinter | -8/Materials Resources | -11 -10 -10 -9 -9 -9 -8 -8 ----------- Run | Scr Mat Min Mat Min Exi Min Mat Matter Collected 776 | 200 192 38 171 21 10 . 144 Remotely . | . . . . . . . . Salvage Created 514 | . 291 36 97 . . . 90 Parts 36 | . 26 3 1 . . . 6 Haulers Intercepted . | . . . . . . . . Recyclers Shooed 2 | . 1 . . . . . 1 Parts Field Recycled . | . . . . . . . . Retrieved Matter . | . . . . . . . . Parts Self-Destructed . | . . . . . . . . Prevented . | . . . . . . . . Kills | -11 -10 -10 -9 -9 -9 -8 -8 ------- Run | Scr Mat Min Mat Min Exi Min Mat Combat Hostiles Destroyed 17 | . 12 1 . . . . 4 Guns 17 | . 12 1 . . . . 4 Classes Destroyed 5 | . 3 . 1 . . . 1 Worker 1 | . . . . . . . 1 Recycler 1 | . . . 1 . . . . Watcher 1 | . 1 . . . . . . Swarmer 10 | . 6 . . . . . 4 Grunt 7 | . 6 1 . . . . . Best Kill Streak 7 | . 7 1 1 . . . 4 Combat Bots Only 7 | . 7 1 . . . . 4 Max Kills in Single Turn 2 | . 2 1 1 . . . 1 Gunslinging . | . . . . . . . . Exploded . | . . . . . . . . Melee . | . . . . . . . . Uniques/NPCs Destroyed . | . . . . . . . . Combat | -11 -10 -10 -9 -9 -9 -8 -8 -------- Run | Scr Mat Min Mat Min Exi Min Mat Damage Taken 1407 | . 291 179 . 32 . 54 851 Core 660 | . 46 44 . 16 . . 554 Absorbed by Shields . | . . . . . . . . Regen/Repaired (Parts) 43 | . . . . . . . 43 Core Remaining (%) 86 | 100 . 64 . . . 96 . Volleys Fired 39 | . 22 4 3 . . . 10 Largest 2 | . 2 2 2 . . . 1 Hottest 63 | . 46 46 46 . . . 63 Shots Fired 68 | . 44 8 6 . . . 10 Gun 68 | . 44 8 6 . . . 10 Cannon . | . . . . . . . . Launcher . | . . . . . . . . Special . | . . . . . . . . Kinetic 58 | . 44 8 6 . . . . Thermal 10 | . . . . . . . 10 Explosive . | . . . . . . . . Electromagnetic . | . . . . . . . . Robot Hit Streak 7 | . 7 4 5 . . . 4 Robot Miss Streak 3 | . 2 3 2 . . . 3 Penetration Max . | . . . . . . . . Secondary Targets 2 | . 2 . . . . . . Max Gunslinging Chain 1 | . 1 . . . . . . Shots Hit Robots 57 | . 37 9 5 . . . 6 Core Hits 33 | . 21 3 3 . . . 6 Critical Kills . | . . . . . . . . Critical Parts Destroyed . | . . . . . . . . Critical Strikes 1 | . . . . . . . 1 Burn 1 | . . . . . . . 1 Melee Attacks 4 | . 1 3 . . . . . Impact . | . . . . . . . . Slashing . | . . . . . . . . Piercing . | . . . . . . . . Sneak Attacks 4 | . 1 3 . . . . . Combat Hostiles . | . . . . . . . . Follow-up Attacks . | . . . . . . . . Damage Inflicted 819 | . 534 75 60 . . . 150 Guns 771 | . 534 75 60 . . . 102 Cannons . | . . . . . . . . Explosions . | . . . . . . . . Melee . | . . . . . . . . Ramming 48 | . . . . . . . 48 Kinetic 669 | . 534 75 60 . . . . Thermal 102 | . . . . . . . 102 Explosive . | . . . . . . . . Electromagnetic . | . . . . . . . . Impact . | . . . . . . . . Slashing . | . . . . . . . . Piercing . | . . . . . . . . Highest Corruption 3 | . . . . . . . 3 Average Corruption 2 | . . . . . . . 2 Corruption Purged . | . . . . . . . . Corruption Blocked . | . . . . . . . . Effects 1 | . . . . . . . 1 Energy Discharges 1 | . . . . . . . 1 Overload Shots . | . . . . . . . . Overflow Damage . | . . . . . . . . Projectiles . | . . . . . . . . Explosions . | . . . . . . . . Melee . | . . . . . . . . Knockbacks . | . . . . . . . . Impact . | . . . . . . . . Kinetic . | . . . . . . . . Secondary . | . . . . . . . . Self-Inflicted Damage 21 | . . . . . . . 21 Shots . | . . . . . . . . Rammed 10 | . . . . . . . 10 Targets Rammed 10 | . . . . . . . 10 Kicked . | . . . . . . . . Crushed . | . . . . . . . . Highest Temperature 180 | . 4 23 . . . . 180 Average Temperature 49 | . 1 9 . . . . 74 Received Heat Transfer 432 | . 96 120 . . . 27 189 Siege Activations . | . . . . . . . . Robots Corrupted . | . . . . . . . . Combat Hostiles . | . . . . . . . . Parts Fried . | . . . . . . . . Impact Corruptions . | . . . . . . . . Robots Melted . | . . . . . . . . Combat Hostiles . | . . . . . . . . Parts Melted 2 | . . . . . . . 2 Heat Transferred 296 | . . . . . . . 296 Parts Sabotaged . | . . . . . . . . Parts Stolen . | . . . . . . . . Parts Stripped . | . . . . . . . . Power Chain Reactions . | . . . . . . . . Missiles Intercepted . | . . . . . . . . Alert | -11 -10 -10 -9 -9 -9 -8 -8 ------- Run | Scr Mat Min Mat Min Exi Min Mat Peak Influence 347 | . 347 165 117 75 . 45 276 Initial 135 | . . 135 64 45 . . 17 Average 144 | . 222 139 84 51 . 23 137 Maximum Alert Level 1 | . 1 . . . . . 1 Low Security (%) 84 | . 43 100 100 100 . 100 94 Level 1 15 | . 56 . . . . . 5 Level 2 . | . . . . . . . . Level 3 . | . . . . . . . . Level 4 . | . . . . . . . . Level 5 . | . . . . . . . . High Security . | . . . . . . . . Max Security . | . . . . . . . . Squads Dispatched 10 | . 1 1 2 . . . 6 Investigation 1 | . . 1 . . . . . Extermination . | . . . . . . . . Reinforcement 9 | . 1 . 2 . . . 6 Assault . | . . . . . . . . Garrison . | . . . . . . . . Intercept . | . . . . . . . . Searches Triggered . | . . . . . . . . Construction Impeded 1 | . . . . . . . 1 Haulers Reinforced . | . . . . . . . . Active Scanning Responses . | . . . . . . . . Cargo Convoy Interrupts . | . . . . . . . . Stealth | -11 -10 -10 -9 -9 -9 -8 -8 --------- Run | Scr Mat Min Mat Min Exi Min Mat Distress Signals 4 | . 2 . 1 . . . 1 Communications Jammed . | . . . . . . . . Distress Signals . | . . . . . . . . Times Spotted 69 | . 18 2 5 2 . 6 36 Peak Tracking Total 13 | . 6 2 5 2 . 3 13 Tactical Retreats 12 | . . . 1 1 . 1 9 Traps | -11 -10 -10 -9 -9 -9 -8 -8 ------- Run | Scr Mat Min Mat Min Exi Min Mat Traps Triggered 2 | . . . . . . . 2 Indirectly . | . . . . . . . . Trap Hack Attempts . | . . . . . . . . Triggered . | . . . . . . . . Disarmed . | . . . . . . . . Reprogrammed . | . . . . . . . . Reused . | . . . . . . . . Traps Extracted . | . . . . . . . . Installed . | . . . . . . . . Triggered . | . . . . . . . . Machines | -11 -10 -10 -9 -9 -9 -8 -8 ---------- Run | Scr Mat Min Mat Min Exi Min Mat Machines Disabled . | . . . . . . . . Max in Single Turn . | . . . . . . . . Machines Sabotaged . | . . . . . . . . Garrisons Compromised . | . . . . . . . . Overloaded Fab Kills . | . . . . . . . . Hacking | -11 -10 -10 -9 -9 -9 -8 -8 --------- Run | Scr Mat Min Mat Min Exi Min Mat Machines Accessed 10 | . . 1 2 . 3 . 4 Terminals 5 | . . . 2 . . . 3 Fabricators . | . . . . . . . . Repair Stations 1 | . . . . . . . 1 Recycling Units . | . . . . . . . . Scanalyzers . | . . . . . . . . Garrison Access . | . . . . . . . . Total Hacks 33 | . . 1 4 . 14 . 14 Successful 31 | . . 1 4 . 14 . 12 Failed 2 | . . . . . . . 2 Catastrophic . | . . . . . . . . Database Lockouts . | . . . . . . . . Manual 1 | . . . . . 1 . . Terminals 10 | . . . 4 . . . 6 Fabricators . | . . . . . . . . Repair Stations 8 | . . . . . . . 8 Recycling Units . | . . . . . . . . Scanalyzers . | . . . . . . . . Garrison Access . | . . . . . . . . Terminal Hacks 24 | . . 1 4 . 14 . 5 Record 15 | . . . . . 14 . 1 Robot Analysis 1 | . . . . . . . 1 Prototype ID Bank 1 | . . . . . . . 1 Open Door 1 | . . 1 . . . . . Emergency Access Points 1 | . . . 1 . . . . Terminal Index 1 | . . . . . . . 1 Registered Prototypes 1 | . . . 1 . . . . Zone Layout 3 | . . . 2 . . . 1 Fabricator Hacks . | . . . . . . . . Repair Station Hacks 7 | . . . . . . . 7 Scan Component 3 | . . . . . . . 3 Repair 3 | . . . . . . . 3 Refit 1 | . . . . . . . 1 Recycling Unit Hacks . | . . . . . . . . Scanalyzer . | . . . . . . . . Garrison Access Hacks . | . . . . . . . . Unauthorized Hacks . | . . . . . . . . Terminals . | . . . . . . . . Fabricators . | . . . . . . . . Repair Stations . | . . . . . . . . Recycling Units . | . . . . . . . . Scanalyzers . | . . . . . . . . Garrison Access . | . . . . . . . . Data Cores Recovered . | . . . . . . . . Used . | . . . . . . . . Hacking Detections 5 | . . . 2 . . . 3 Full Trace Events . | . . . . . . . . Feedback Events . | . . . . . . . . Feedback Blocked . | . . . . . . . . Robot Schematics Acquired . | . . . . . . . . Robots Built . | . . . . . . . . Authchips . | . . . . . . . . Time . | . . . . . . . . Total Robot Build Rating . | . . . . . . . . Part Schematics Acquired . | . . . . . . . . Parts Built . | . . . . . . . . Authchips . | . . . . . . . . Time . | . . . . . . . . Total Part Build Rating . | . . . . . . . . Parts Repaired 3 | . . . . . . . 3 Time 78 | . . . . . . . 78 Parts Recycled . | . . . . . . . . Recycled Matter . | . . . . . . . . Retrieved Matter . | . . . . . . . . Retrieved Components . | . . . . . . . . Parts Scanalyzed . | . . . . . . . . Part Schematics Acquired . | . . . . . . . . Parts Damaged . | . . . . . . . . Bothacking | -11 -10 -10 -9 -9 -9 -8 -8 ------------ Run | Scr Mat Min Mat Min Exi Min Mat Used RIF Installer . | . . . . . . . . Robots Hacked 3 | . 1 2 . . . . . Non-combat 3 | . 1 2 . . . . . Combat . | . . . . . . . . Robot Hacks Applied 3 | . 1 2 . . . . . parse_system 2 | . . 2 . . . . . no_distress 1 | . 1 . . . . . . Relay Couplers Released . | . . . . . . . . Fabnet Peak Effective % . | . . . . . . . . Robots Rewired . | . . . . . . . . Allies Hacked . | . . . . . . . . Hacks Repelled . | . . . . . . . . Allies | -11 -10 -10 -9 -9 -9 -8 -8 -------- Run | Scr Mat Min Mat Min Exi Min Mat Total Allies . | . . . . . . . . Largest Group . | . . . . . . . . Highest-Rated Group . | . . . . . . . . Highest-Rated Ally . | . . . . . . . . Total Orders . | . . . . . . . . Ally Attacks . | . . . . . . . . Total Damage . | . . . . . . . . Kills . | . . . . . . . . Allies Corrupted . | . . . . . . . . Allies Melted . | . . . . . . . . Intel | -11 -10 -10 -9 -9 -9 -8 -8 ------- Run | Scr Mat Min Mat Min Exi Min Mat Robot Analysis Total 1 | . . . . . . . 1 Derelict Logs Recovered 1 | . . 1 . . . . . Drone Launches . | . . . . . . . . Drone Recoveries . | . . . . . . . . Exploration | -11 -10 -10 -9 -9 -9 -8 -8 ------------- Run | Scr Mat Min Mat Min Exi Min Mat Turns Passed 2120 | . 397 272 142 92 465 71 681 Spaces Moved 2876 | 1 205 155 110 226 1340 188 651 Core 125 | . . . . . . . 125 Treads . | . . . . . . . . Legs 361 | 1 205 155 . . . . . Wheels . | . . . . . . . . Hover . | . . . . . . . . Flight 2390 | . . . 110 226 1340 188 526 Fastest Speed 31 | 120 120 120 34 34 34 34 31 Average Speed 48 | 120 120 143 98 34 34 34 34 Slowest Speed 190 | 120 120 190 114 34 34 34 50 Overloaded Moves . | . . . . . . . . Propulsion Burnouts . | . . . . . . . . Robots Hopped 13 | . . . . 2 . 4 7 Cave-ins Triggered . | . . . . . . . . Exploration Rate (%) 42 | 2 37 46 16 43 93 38 66 Regions Visited 7 Branch Regions 4 Pre-discovered Areas 1 | . . . . . 1 . . Known Exits Taken . | . . . . . . . . Unknown Exits Taken 7 | 1 1 1 1 1 1 1 . Scrap Searched 2 | . . . . 1 . 1 . Spaces Dug . | . . . . . . . . Terrain Destroyed . | . . . . . . . . Melee . | . . . . . . . . Projectile . | . . . . . . . . AOE . | . . . . . . . . Terrain Rammed . | . . . . . . . . Walls Destroyed . | . . . . . . . . Machines Disabled . | . . . . . . . . Actions | -11 -10 -10 -9 -9 -9 -8 -8 --------- Run | Scr Mat Min Mat Min Exi Min Mat Total 3524 | . 319 197 140 238 1348 189 1093 Wait 505 | . 53 27 11 15 7 5 387 Move 2843 | . 204 154 109 221 1339 179 637 Hop 13 | . . . . 2 . 4 7 Pick Up 20 | . 12 1 2 . . . 5 Fast Attach 15 | . 3 1 1 . 1 1 8 Attach 14 | . 2 1 5 . . . 6 Detach 18 | . 3 1 5 . . . 9 Swap 9 | . 4 2 . . . . 3 Drop 34 | . 15 3 4 . 1 . 11 Fire 39 | . 22 4 3 . . . 10 Melee 4 | . 1 3 . . . . . Ram 10 | . . . . . . . 10 Kick . | . . . . . . . . Crush . | . . . . . . . . Escape Stasis . | . . . . . . . . Rewire . | . . . . . . . . Trap . | . . . . . . . . Miscellaneous . | . . . . . . . . Route ------- -11/Scrapyard -10/Materials -10/Mines -9/Materials -9/Mines -9/Exiles (discovered 2 exits: [*Min x2]) -8/Mines -8/Materials History --------- Turn | Location | Event 1 | -11/Scrapyard | Discovered new exit (range 0) 1 | -11/Scrapyard | Entered Materials 231 | -10/Materials | Destroyed 7 combat bots 326 | -10/Materials | Build established: Mutant 353 | -10/Materials | Discovered new exit (range 13) 398 | -10/Materials | Entered Mines 403 | -10/Mines | Met a Derelict shopkeep closing up shop 408 | -10/Mines | Learned 2 Materials zone layouts 642 | -10/Mines | Discovered new exit (range 16) 670 | -10/Mines | Entered Materials 670 | -9/Materials | Evolved 2 slots: Propulsion x1, Utility x1 810 | -9/Materials | Discovered new exit (range 7) 812 | -9/Materials | Entered Mines 838 | -9/Mines | Assembled infested the area 843 | -9/Mines | Assisted by a Guerilla fighting off Assembled 896 | -9/Mines | Received a Rocket Launcher from a helpful Derelict 903 | -9/Mines | Deemed a non-threat by the Exiles lab entrance 903 | -9/Mines | Discovered new exit (range 5) 904 | -9/Mines | Entered Exiles 911 | -9/Exiles | Discovered new exit (range 15) 915 | -9/Exiles | Met 8R-AWN 920 | -9/Exiles | Met EX-HEX 939 | -9/Exiles | Met EX-DEC 944 | -9/Exiles | Learned location of Zion (-7) 973 | -9/Exiles | Discovered new exit (range 14) 1013 | -9/Exiles | Visited The Gauntlet 1100 | -9/Exiles | Build established: Scavenger-Mutant 1105 | -9/Exiles | Met EX-BIN 1369 | -9/Exiles | Entered Mines 1438 | -8/Mines | Discovered new exit (range 6) 1440 | -8/Mines | Entered Materials 1440 | -8/Materials | Evolved 2 slots: Propulsion x1, Utility x1 1752 | -8/Materials | Build established: Scavenger-Sprinter 1798 | -8/Materials | Repaired Flight Unit 1826 | -8/Materials | Repaired Flight Unit 1854 | -8/Materials | Repaired Flight Unit 2058 | -8/Materials | Core integrity fell below 50% 2078 | -8/Materials | Lost 6 parts (1p4n1u) 2103 | -8/Materials | Core integrity fell below 20% 2121 | -8/Materials | Destroyed by G-47 Trooper with Particle Gun Last Messages --------------- 02056_ K-01 Serf destroyed. 02068_ Acquired Deuterium Engine. 02072_ Connecting with Terminal... 02084_ W-25 Informer sends out distress signal. 02086_ ALERT: Hostiles spotted, dispatching reinforcements to Terminal M003. 02089_ Slammed into W-25 Informer. 02092_ Slammed into K-01 Serf. 02093_ Slammed into S-10 Pest. 02094_ Destabilizing: System corrupted (+2). 02096_ Slammed into K-01 Serf. 02096_ K-01 Serf destroyed. 02096_ K-01 Serf collects debris. 02102_ System corrupted: Energy discharge (-32). 02105_ Triggered Shock Trap. 02105_ The floor emits a surge of raw power. 02105_ System corrupted (+1). 02113_ O-16 Technician: "IFF HANDSHAKE FAILED. SECURING TERMINAL." 02115_ ALERT: Hostiles spotted, dispatching reinforcements to Terminal M002. Map ----- +----------------------------------------------------+ | ???????????????????????????????????? | | ???????????????????????????????????? | | ???????????????????????????????????? | | ???????????????????????????????????? | | ???????????????????????????????????? | | ???????????????????????????????????? | | ???????????????????????????????????? | | ???????????????????????????????????? | | ???????????????????????????????????? | | ???????????????????????????????????? | | ???????????????????????????????????? | | ??????????????? ???????????????????? | | ??????????????? ???????????????????? | | ?????????????? ????????????????????? | | ?????????????? ????????????????????? | | ?????????????? ????????????????????? | | ????????#+#### ????????????????????? | | ????????? ?????????????????????? | | ????????? ?????????????????????? | | ????????? g ?????????????????????? | | ?????????#g #?????????????????????? | | ?????????# #?????????????????????? | | ?????????# #?????????????????????? | | ?????????# #?????????????????????? | | ?????????# #?????????????????????? | | ?????????# @ #?????????????????????? | | ?????????# #?????????????????????? | | ??######## #?????????????????????? | | ??# [ ! # #?????????????????????? | | ??# #w #?????????????????????? | | ??# " " + #?????????????????????? | | ??# "R" # #?????????????????????? | | ??# """ # #?????????????????????? | | ??# # #??#####??????????????? | | ??#####+## k#? ! #??????????????? | | ??????# # #??????????????? | | ??????# # ""????????????????? | | ??????# + ???????????????????? | | ??????# ss #?????????????????????? | | ??????# #?????????????????????? | | ??????# #?????????????????????? | | ?????#####/#+###???????????????????? | | ?????# #???????????????????? | | ?????# #???????????????????? | | ?????# #???????????????????? | | ?????# #???????????????????? | | ?########/###+##???????????????????? | | # / #???????????????????###### | | # """ # #?? ???????????????# | | # "T" + #?? ???????????????# | +----------------------------------------------------+ Best States ------------- Heat Dissipation 31 Energy Generation 14 Energy Capacity 440 Matter Stores 300 Matter Capacity 300 Sight Range 18 Terrain Scan Density 10 ECM Strength 1 Evasion (%) 71 Item Schematics ----------------- None Robot Schematics ------------------ None Fabricated ------------ Nothing Alien Tech Used ----------------- None Achievements -------------- None Challenges ------------ None Game ------ Seed EnergyRecoilLog Manual? 0 Play Time 00:53:17 Cumulative 29.5 hours Start 2022.03.31 @ 20:38:52 End 2022.04.01 @ 00:24:19 Sessions 3 Manual Loads 0 Difficulty Rogue Special Mode None Game No. 47 Rogue 47 Adventurer 0 Explorer 0 Win Type - Total 0 Types 0/0/0/0/0/0/0/0/0 Lore% 20 Gallery% 31 Achievement% 28 Wizard Run 0 Options --------- ASCII 0 Keyboard 1 Movement Numpad Keybinds 0 Fullscreen 1 Font 18/SmallcapsGlow Map View 76x50 Tactical HUD 1 Map Filters NONE Filters NONE Steam 1 RUN: 582185a9-8ef0-47d4-bba2-7debe044f061